 Dungeon Sprint DCSS version 0.31-a0-851-g7ff8af7976 (webtiles) character file.

Game seed: 15824548344118618329

2450 AiryTheDragon the Grappler (level 9, -5/71 HPs)
             Began as a Yellow Draconian Shapeshifter on Oct 8, 2023.
             Was a Follower of Jiyva.
             Succumbed to a redback's poison
             ... in the Dungeon (Sprint I: "Red Sonja").
             The game lasted 00:09:16 (514 turns).

AiryTheDragon the Grappler (DrSh)                    Turns: 514, Time: 00:09:17

Health: -5/71      AC:  3    Str: 18    XL:     9   Next: 25%
Magic:  9/9        EV: 14    Int: 10    God:    Jiyva [*.....]
Gold:   486        SH:  0    Dex: 14    Spells: 8/8 levels left

rFire   . . .        d - melded +0 club
rCold   . . .        (shield currently unavailable)
rNeg    . . .        (body armour unavailable)
rPois   .            (helmet restricted)
rElec   .            (no cloak)
rCorr   +            (no gloves)
SInv    .            (no boots)
Will    .....        (no amulet)
Stlth   +            (no ring)
HPRegen 1.11/turn    (no ring)
MPRegen 0.36/turn

%: no teleportation
@: lethally poisoned (-5 -> -92), flux-form, corroded, glowing
A: glow, contaminating, spit acid, AC +7, unfitting armour, cold-blooded, acid
resistance
a: Breathe Acid, Begin Untransformation, Renounce Religion


You were in the Dungeon.
You worshipped Jiyva.
Jiyva was aware of your devotion.
You were something dangerously unstable.
You visited 1 branch You collected 486 gold pieces.

Inventory:

Hand Weapons
 d - a +0 club (melded)
 e - a +0 scythe
 h - a +0 orcbow
Missiles
 f - 13 stones
Talismans
 b - a beast talisman
 c - a flux talisman (active)
Wands
 a - a wand of mindburst (4)
Potions
 g - 2 potions of magic


   Skills:
 + Level 4.3 Fighting
 + Level 6.1 Dodging
 + Level 2.7 Stealth
 + Level 12.9 Unarmed Combat
 * Level 9.0 Evocations
 + Level 11.7 Shapeshifting


You had 8 spell levels left.
You didn't know any spells.
Your spell library was empty.

Dungeon Overview and Level Annotations

Branches:
Dungeon (1/1)

Altars:
Cheibriados
Dithmenos
Fedhas
Gozag
Hepliaklqana
Kikubaaqudgha
Makhleb
Okawaru
Qazlal
Ru
Sif Muna
Trog
Uskayaw
Vehumet
Wu Jian
Xom
Yredelemnul
Zin
Jiyva
Lugonu

Shops:
D ?

Annotations:
D Sonja


Innate Abilities, Weirdness & Mutations

You are something dangerously unstable.
You glow with magical radiation, making you easy to see and hit.
Foes you strike become dangerously contaminated with magical radiation.
You are incapable of wielding weapons or throwing items.
You can spit globs of acid.
Your golden yellow scales are hard. (AC +7)
You cannot fit into any form of body armour.
You are cold-blooded and may be slowed by cold attacks.
You are resistant to acid. (rCorr)


Message History

Your Dodging skill increases to level 6!
You have reached level 9!
Your experience leads to an increase in your attributes!
Increase (S)trength, (I)ntelligence, or (D)exterity?
You feel agile. x2; Your scales feel tougher. 2 redbacks come into view.
Found 27 gold pieces.
The redback moves out of view.
There is an open door here.
The redback bites you.
You are poisoned.
The redback poisons you!
You hit the redback but do no damage.
The redback begins to glow.
Your tail-slap misses the redback.
You feel extremely sick. The redback bites you!
You hit the redback.
The redback glows dangerously bright.
The redback is lightly wounded.
You feel very sick. The redback barely misses you.
You punch the redback!
The redback shudders as magic cascades through it!!
You kill the redback!
You feel very sick.
Your Evocations skill increases to level 9!
You feel very sick.
You see here a redback corpse.
You feel very sick. The redback bites you.
You are lethally poisoned!
The redback poisons you!
You closely miss the redback.
* * * LOW HITPOINT WARNING * * *
You feel extremely sick. The redback bites you!
* * * LOW HITPOINT WARNING * * *
You are more poisoned.
The redback poisons you!
Okay, then.
You barely miss the redback.
You die...

#..##.#~~~§.#..#
##G#_..~§§.§'.§#
..G.._#~~§§.#..#
##_T#+##'#####'###
##.# #..§. #.'.#
#.# ##. ## ###.#
... .. #.# ... ##
#§# ##§## #p# #.#
+s# #§# #§# +.#
###


You could see a redback.

Vanquished Creatures
  2 centaur warriors (D)
  An oklob plant (D)
  A hornet (D)
  A slime creature (D)
  Sigmund (D)
  A yak (D)
  A redback (D)
  An ogre (D)
  Ijyb (D)
10 creatures vanquished.

Vanquished Creatures (others)
  3 shining eyes (D)
  4 floating eyes (D)
  7 necrophages (D)
  9 jellies (D)
  2 ballistomycete spores (D)
25 creatures vanquished.

Grand Total: 35 creatures vanquished

Notes
Turn   | Place    | Note
-------+----------+-------------------------------------------
     0 | D        | AiryTheDragon the Draconian Shapeshifter began the quest
                  | for the Orb.
     0 | D        | Reached XP level 1. HP: 16/16 MP: 1/1
     2 | D        | Noticed Ijyb
    19 | D        | Killed Ijyb
    20 | D        | Reached skill level 4 in Unarmed Combat
    20 | D        | Reached XP level 2. HP: 23/23 MP: 2/2
    74 | D        | Noticed an ogre
    78 | D        | Killed an ogre
    79 | D        | Reached skill level 6 in Unarmed Combat
    79 | D        | Reached XP level 3. HP: 28/28 MP: 3/3
    79 | D        | Reached XP level 4. HP: 35/35 MP: 4/4
    97 | D        | Noticed Sigmund
   105 | D        | Killed Sigmund
   106 | D        | Reached skill level 7 in Unarmed Combat
   106 | D        | Reached XP level 5. HP: 23/41 MP: 5/5
   184 | D        | Found a burning altar of Makhleb.
   184 | D        | Found a viscous altar of Jiyva.
   184 | D        | Found a shimmering altar of Xom.
   184 | D        | Found a corrupted altar of Lugonu.
   184 | D        | Noticed a slime creature
   192 | D        | Killed a slime creature
   193 | D        | Reached skill level 8 in Unarmed Combat
   193 | D        | Reached skill level 5 in Evocations
   193 | D        | Reached XP level 6. HP: 27/48 MP: 6/6
   265 | D        | Became a worshipper of Jiyva Jiginuj the Shapeless
   267 | D        | Found an ornate altar of the Wu Jian Council.
   267 | D        | Found a shimmering blue altar of Sif Muna.
   269 | D        | Found a radiant altar of Vehumet.
   273 | D        | Noticed a centaur warrior
   274 | D        | Noticed a centaur warrior
   285 | D        | Killed a centaur warrior
   286 | D        | Reached skill level 10 in Unarmed Combat
   286 | D        | Reached skill level 10 in Shapeshifting
   286 | D        | Your scales start taking on a golden yellow colour.
   286 | D        | Reached XP level 7. HP: 17/56 MP: 7/7
   286 | D        | Gained mutation: You are resistant to acid. (rCorr) [Yellow
                  | Draconian growth]
   286 | D        | Reached XP level 8. HP: 19/62 MP: 8/8
   384 | D        | Killed a shining eye
   396 | D        | Found Zaacze Intoe's Magic Scroll Emporium.
   396 | D        | Found an ancient bone altar of Kikubaaqudgha.
   396 | D        | Found a hazy altar of Hepliaklqana.
   396 | D        | Found a hide-covered altar of Uskayaw.
   396 | D        | Found a basalt altar of Yredelemnul.
   396 | D        | Found an opulent altar of Gozag.
   396 | D        | Found a snail-covered altar of Cheibriados.
   396 | D        | Found a sacrificial altar of Ru.
   396 | D        | Found a shadowy altar of Dithmenos.
   404 | D        | Reached skill level 5 in Dodging
   404 | D        | Killed a shining eye
   407 | D        | Killed a centaur warrior
   408 | D        | Reached skill level 1 in Stealth
   408 | D        | Reached skill level 12 in Unarmed Combat
   408 | D        | Found a stormy altar of Qazlal.
   408 | D        | Found a blossoming altar of Fedhas.
   408 | D        | Found a bloodstained altar of Trog.
   408 | D        | Found an iron altar of Okawaru.
   408 | D        | Found a glowing silver altar of Zin.
   410 | D        | Noticed Sonja
   412 | D        | Killed a shining eye
   416 | D        | Noticed a hornet
   417 | D        | Reached * piety under Jiyva
   418 | D        | Noticed an oklob plant
   427 | D        | Killed a hornet
   444 | D        | Noticed a shining eye
   447 | D        | Noticed a deep troll
   504 | D        | Killed an oklob plant
   505 | D        | Reached XP level 9. HP: 57/71 MP: 9/9
   514 | D        | Succumbed to a redback's poison

Illustrated notes

Levels and vault maps discovered:
D:        dungeon_sprint_1 [red_sonja_temple_1, red_sonja_temple_small_1]

Skill      XL: |  1  2  3  4  5  6  7  8  9 |
---------------+----------------------------+-----
Dodging        | 2 3 4 6 |  6.1
Unarmed Combat | 4 6 7 8 10 12 | 12.9
Shapeshifting  | 4 6 7 8 10 11 | 11.7
Evocations     | 3 4 5 7 8 9 |  9.0
Fighting       | 2 4 |  4.3
Stealth        | 2 |  2.7

Action                     |  1- 3 |  4- 6 |  7- 9 || total
---------------------------+-------+-------+-------++-------
  Melee: Unarmed           |    12 |    13 |    31 ||    56
         Tailslap          |       |     3 |     3 ||     6
  Evoke: Wand              |     3 |     3 |       ||     6
    Use: Potion            |     5 |       |       ||     5
         Scroll            |     1 |       |       ||     1
   Stab: Paralysed         |       |       |     2 ||     2
 Armour: Skin              |     6 |     9 |    27 ||    42
  Dodge: Dodged            |     1 |     4 |    18 ||    23
   Form: Flux              |       |     1 |       ||     1

Table legend: (Time is in decaauts)
 A = Elapsed time spent in this place.
 B = Non-inter-level travel time spent in this place.
 C = Inter-level travel time spent in this place.
 D = Time resting spent in this place.
 E = Time spent auto-exploring this place.
 F = Levels seen in this place.
 G = Mean time per level.
                   A        B        C        D        E       F      G
               +--------+--------+--------+--------+--------+-----+--------+
         Total |    510 |    510 |      0 |    350 |      0 |   1 |  510.0 |
       Dungeon |    510 |    510 |      0 |    350 |      0 |   1 |  510.0 |
               +--------+--------+--------+--------+--------+-----+--------+

Top non-repeatable levels by time:
       D: 510 daAuts
